| TOP OF THE 1ST |
|
Boston Red Sox batting - Pitching for New York Yankees : RHP Mark Clark
|
|
Pitching: RHP Mark Clark
|
|
|
Batting: RHB Edgar Renteria
|
0-0: Ball 1-0: Ball 2-0: Foul Ball, location: 2F 2-1: Ground out 6-3 (Groundball, 6S, EV 88.1 MPH)
|
|
Batting: LHB Todd Hollandsworth
|
0-0: Called Strike 0-1: Foul Ball, location: 2F 0-2: Ball 1-2: Foul Ball, location: 2F 1-2: Foul Ball, location: 2F 1-2: Ball 2-2: Ball 3-2: Ground out U3 (Groundball, 34, EV 81.9 MPH)
|
|
Batting: LHB Barry Bonds
|
0-0: Foul Ball, location: 2F 0-1: Fly out, F7 (Flyball, 7D, EV 103.1 MPH)
|
| Top of the 1st over - 0 runs, 0 hits, 0 errors, 0 left on base; Boston 0 - New York 0 |
| BOTTOM OF THE 1ST |
|
New York Yankees batting - Pitching for Boston Red Sox : RHP Pete Harnisch
|
|
Pitching: RHP Pete Harnisch
|
|
|
Batting: RHB Orlando Cabrera
|
0-0: Ball 1-0: Ball 2-0: Foul Ball, location: 2F 2-1: Swinging Strike 2-2: Ball 3-2: Strikes out looking
|
|
Batting: LHB Bobby Abreu
|
0-0: Ball 1-0: Ball 2-0: Swinging Strike 2-1: Ball 3-1: Base on Balls
|
|
Batting: RHB Mike Lieberthal
|
0-0: Called Strike 0-1: Ball 1-1: Swinging Strike 1-2: Ball 2-2: Foul Ball, location: 2F 2-2: Fly out, F8 (Flyball, 8LM, EV 86.3 MPH)
|
|
Batting: RHB Kazuhiro Kiyohara
|
0-0: Ball 1-0: Ball Bobby Abreu steals 2nd base (no throw) 2-0: Foul Ball, location: 2F 2-1: Swinging Strike 2-2: Fly out, F7 (Flyball, 7S, EV 91.3 MPH)
|
| Bottom of the 1st over - 0 runs, 0 hits, 0 errors, 1 left on base; Boston 0 - New York 0 |
| TOP OF THE 2ND |
|
Boston Red Sox batting - Pitching for New York Yankees : RHP Mark Clark
|
|
Batting: LHB David Ortiz
|
0-0: Swinging Strike 0-1: Fly out, F8 (Flyball, 8RM, EV 94.4 MPH)
|
|
Batting: RHB Danny Tartabull
|
0-0: Ball 1-0: Ball 2-0: Foul Ball, location: 2F 2-1: Called Strike 2-2: Foul Ball, location: 2F 2-2: Strikes out swinging, 2-3 out at first.
|
|
Batting: RHB Akira Eto
|
0-0: Called Strike 0-1: Foul Ball, location: 2F 0-2: Fly out, F9 (Flyball, 89XD, EV 109.4 MPH)
|
| Top of the 2nd over - 0 runs, 0 hits, 0 errors, 0 left on base; Boston 0 - New York 0 |
| BOTTOM OF THE 2ND |
|
New York Yankees batting - Pitching for Boston Red Sox : RHP Pete Harnisch
|
|
Batting: RHB Travis Fryman
|
0-0: Foul Ball, location: 2F 0-1: Fly out, F8 (Flyball, 89D, EV 80.0 MPH)
|
|
Batting: RHB Ryan Thompson
|
0-0: Foul Ball, location: 2F 0-1: Foul Ball, location: 2F 0-2: Foul Ball, location: 2F 0-2: Strikes out swinging
|
|
Batting: RHB Mike Gallego
|
0-0: Fly out, F8 (Flyball, 8LM, EV 73.1 MPH)
|
| Bottom of the 2nd over - 0 runs, 0 hits, 0 errors, 0 left on base; Boston 0 - New York 0 |
| TOP OF THE 3RD |
|
Boston Red Sox batting - Pitching for New York Yankees : RHP Mark Clark
|
|
Batting: RHB Mike Cameron
|
0-0: Ball 1-0: Ground out 6-3 (Groundball, 6, EV 96.3 MPH)
|
|
Batting: RHB Scott Fletcher
|
0-0: Ground out 6-3 (Groundball, 56, EV 93.8 MPH)
|
|
Batting: RHB Erik Pappas
|
0-0: Called Strike 0-1: Swinging Strike 0-2: Strikes out swinging
|
| Top of the 3rd over - 0 runs, 0 hits, 0 errors, 0 left on base; Boston 0 - New York 0 |
| BOTTOM OF THE 3RD |
|
New York Yankees batting - Pitching for Boston Red Sox : RHP Pete Harnisch
|
|
Batting: SHB Quinton McCracken
|
0-0: Called Strike 0-1: Ball 1-1: Ball 2-1: Ball 3-1: Foul Ball, location: 2F 3-2: Fly out, F9 (Flyball, 9S, EV 89.4 MPH)
|
|
Batting: RHB Darren Lewis
|
0-0: Ball 1-0: Ball 2-0: SINGLE (Line Drive, 8RS, EV 101.9 MPH)
|
|
Batting: RHB Orlando Cabrera
|
0-0: Called Strike Darren Lewis is caught stealing 2nd base 2-4 0-1: Fly out, F8 (Flyball, 89D, EV 103.8 MPH)
|
| Bottom of the 3rd over - 0 runs, 1 hit, 0 errors, 0 left on base; Boston 0 - New York 0 |
| TOP OF THE 4TH |
|
Boston Red Sox batting - Pitching for New York Yankees : RHP Mark Clark
|
|
Batting: RHB Edgar Renteria
|
0-0: Called Strike 0-1: Ball 1-1: Ball 2-1: Ball 3-1: Called Strike 3-2: Base on Balls
|
|
Batting: LHB Todd Hollandsworth
|
0-0: Ball 1-0: Swinging Strike 1-1: Foul Ball, location: 2F 1-2: Strikes out swinging
|
|
Batting: LHB Barry Bonds
|
0-0: Ball 1-0: Called Strike Edgar Renteria steals 2nd base 1-1: Ball 2-1: Swinging Strike 2-2: Ball 3-2: Base on Balls
|
|
Batting: LHB David Ortiz
|
0-0: DOUBLE (Line Drive, 7LS, EV 102.5 MPH) Edgar Renteria scores Barry Bonds to third Runner from 3rd tries for Home, SAFE, no throw by LF
|
|
Batting: RHB Danny Tartabull
|
0-0: Fly out, F9 (Flyball, 9, EV 85.0 MPH)
|
|
Batting: RHB Akira Eto
|
0-0: Swinging Strike 0-1: Ball 1-1: Foul Ball, location: 2F 1-2: SINGLE (Flyball, 9S, EV 93.8 MPH) David Ortiz to third Runner from 3rd tries for Home, SAFE, throw by RF to home
|
|
Batting: RHB Mike Cameron
|
0-0: Called Strike 0-1: Called Strike 0-2: Ball 1-2: Ball 2-2: Strikes out swinging
|
| Top of the 4th over - 3 runs, 2 hits, 0 errors, 1 left on base; Boston 3 - New York 0 |
| BOTTOM OF THE 4TH |
|
New York Yankees batting - Pitching for Boston Red Sox : RHP Pete Harnisch
|
|
Batting: LHB Bobby Abreu
|
0-0: Ball 1-0: Ball 2-0: Fly out, F8 (Flyball, 8RXD, EV 91.3 MPH)
|
|
Batting: RHB Mike Lieberthal
|
0-0: Called Strike 0-1: Ball 1-1: Swinging Strike 1-2: Fly out, F9 (Line Drive, 9, EV 109.4 MPH)
|
|
Batting: RHB Kazuhiro Kiyohara
|
0-0: Ball 1-0: Called Strike 1-1: Foul Ball, location: 2F 1-2: Foul Ball, location: 5F, Error on foul ball, E5 1-2: Fly out, F8 (Flyball, 8LXD, EV 98.8 MPH)
|
| Bottom of the 4th over - 0 runs, 0 hits, 1 error, 0 left on base; Boston 3 - New York 0 |
| TOP OF THE 5TH |
|
Boston Red Sox batting - Pitching for New York Yankees : RHP Mark Clark
|
|
Batting: RHB Scott Fletcher
|
0-0: Ball 1-0: Ground out 6-3 (Groundball, 6, EV 101.9 MPH)
|
|
Batting: RHB Erik Pappas
|
0-0: SINGLE (Groundball, 6D, EV 97.5 MPH)
|
|
Batting: RHB Edgar Renteria
|
0-0: Ground out 5-3 (Groundball, 56S, EV 85.6 MPH) Erik Pappas to second
|
|
Batting: LHB Todd Hollandsworth
|
0-0: Swinging Strike 0-1: Ball 1-1: Ball 2-1: DOUBLE (Line Drive, 7LS, EV 86.9 MPH) Erik Pappas scores
|
|
Batting: LHB Barry Bonds
|
0-0: Called Strike 0-1: Foul Ball, location: 2F 0-2: Ball 1-2: Ball 2-2: SINGLE (Line Drive, 3D, EV 97.5 MPH) Todd Hollandsworth to third Runner from 3rd tries for Home, SAFE, throw by RF to home
|
|
Batting: LHB David Ortiz
|
0-0: Called Strike Barry Bonds steals 2nd base 0-1: Foul Ball, location: 2F 0-2: Ball 1-2: Foul Ball, location: 2F 1-2: Foul Ball, location: 2F 1-2: Ball Wild Pitch! Barry Bonds to third 2-2: Foul Ball, location: 2F 2-2: Fly out, F7 (Flyball, 7LS, EV 93.1 MPH)
|
| Top of the 5th over - 2 runs, 3 hits, 0 errors, 1 left on base; Boston 5 - New York 0 |
| BOTTOM OF THE 5TH |
|
New York Yankees batting - Pitching for Boston Red Sox : RHP Pete Harnisch
|
|
Batting: RHB Travis Fryman
|
0-0: Ball 1-0: Ball 2-0: Foul Ball, location: 2F 2-1: Ball 3-1: Ground out 5-3 (Groundball, 5S, EV 85.6 MPH)
|
|
Batting: RHB Ryan Thompson
|
0-0: Foul Ball, location: 2F 0-1: Called Strike 0-2: Foul Ball, location: 2F 0-2: Ball 1-2: Strikes out swinging
|
|
Batting: RHB Mike Gallego
|
0-0: Ball 1-0: Foul Ball, location: 2F 1-1: Ground out 5-3 (Groundball, 5S, EV 69.4 MPH)
|
| Bottom of the 5th over - 0 runs, 0 hits, 0 errors, 0 left on base; Boston 5 - New York 0 |
| TOP OF THE 6TH |
|
Boston Red Sox batting - Pitching for New York Yankees : RHP Mark Clark
|
|
Batting: RHB Danny Tartabull
|
0-0: Foul Ball, location: 2F 0-1: Called Strike 0-2: Strikes out swinging
|
|
Batting: RHB Akira Eto
|
0-0: Ball 1-0: Fly out, F9 (Flyball, 89M, EV 87.5 MPH)
|
|
Batting: RHB Mike Cameron
|
0-0: Ball 1-0: Ball 2-0: Foul Ball, location: 2F 2-1: Swinging Strike 2-2: Fly out, F9 (Flyball, 89S, EV 87.5 MPH)
|
| Top of the 6th over - 0 runs, 0 hits, 0 errors, 0 left on base; Boston 5 - New York 0 |
| BOTTOM OF THE 6TH |
|
New York Yankees batting - Pitching for Boston Red Sox : RHP Pete Harnisch
|
|
Batting: SHB Quinton McCracken
|
0-0: Swinging Strike 0-1: Swinging Strike 0-2: SINGLE (Groundball, 34D, EV 98.1 MPH)
|
|
Batting: RHB Darren Lewis
|
0-0: Ball 1-0: Called Strike 1-1: Called Strike 1-2: Ball 2-2: Foul Ball, location: 2F 2-2: Fly out, F1 (Line Drive, P, EV 69.4 MPH)
|
|
Batting: RHB Orlando Cabrera
|
0-0: Called Strike Quinton McCracken steals 2nd base 0-1: Ball 1-1: Ball Quinton McCracken steals 3rd base 2-1: Ball 3-1: Base on Balls
|
|
Batting: LHB Bobby Abreu
|
0-0: Ball 1-0: Swinging Strike 1-1: Called Strike Orlando Cabrera steals 2nd base 1-2: Strikes out swinging
|
|
Batting: RHB Mike Lieberthal
|
0-0: Fly out, F4 (Line Drive, 4, EV 61.3 MPH)
|
| Bottom of the 6th over - 0 runs, 1 hit, 0 errors, 2 left on base; Boston 5 - New York 0 |
| TOP OF THE 7TH |
|
Boston Red Sox batting - Pitching for New York Yankees : RHP Mark Clark
|
|
Batting: RHB Scott Fletcher
|
0-0: Fly out, F7 (Flyball, 7LS, EV 95.6 MPH)
|
|
Batting: RHB Erik Pappas
|
0-0: Called Strike 0-1: Ball 1-1: Ball 2-1: Fly out, F8 (Flyball, 8LD, EV 93.8 MPH)
|
|
Batting: RHB Edgar Renteria
|
0-0: Ball 1-0: Foul Ball, location: 2F 1-1: Ball 2-1: Foul Ball, location: 2F 2-2: Foul Ball, location: 2F 2-2: Foul Ball, location: 2F 2-2: Ball 3-2: Single, Error in OF, E9, batter to second base (Line Drive, 9S, EV 102.5 MPH)
|
|
Pitching: RHP Andy Ashby
|
|
|
Batting: LHB Todd Hollandsworth
|
0-0: Ball 1-0: Foul Ball, location: 2F 1-1: Swinging Strike 1-2: Ball 2-2: Strikes out swinging
|
| Top of the 7th over - 0 runs, 1 hit, 1 error, 1 left on base; Boston 5 - New York 0 |
| BOTTOM OF THE 7TH |
|
New York Yankees batting - Pitching for Boston Red Sox : RHP Pete Harnisch
|
|
Batting: RHB Kazuhiro Kiyohara
|
0-0: Called Strike 0-1: Ball 1-1: Ball 2-1: Ball 3-1: DOUBLE (Flyball, 89D, EV 111.9 MPH)
|
|
Batting: RHB Travis Fryman
|
0-0: Ball 1-0: Ball 2-0: Called Strike 2-1: 2-RUN HOME RUN (Flyball, 9LD, EV 110.0 MPH), Distance : 354 ft
|
|
Batting: RHB Ryan Thompson
|
0-0: Called Strike 0-1: Ball 1-1: Ball 2-1: Swinging Strike 2-2: Strikes out swinging
|
|
Batting: RHB Mike Gallego
|
0-0: Called Strike 0-1: Fly out, F6 (Popup, 6S, EV 63.1 MPH)
|
|
Batting: SHB Quinton McCracken
|
0-0: Swinging Strike 0-1: Called Strike 0-2: Foul Ball, location: 2F 0-2: Ground out 6-3 (Groundball, 56, EV 88.8 MPH)
|
| Bottom of the 7th over - 2 runs, 2 hits, 0 errors, 0 left on base; Boston 5 - New York 2 |
| TOP OF THE 8TH |
|
Boston Red Sox batting - Pitching for New York Yankees : RHP Andy Ashby
|
|
Batting: LHB Barry Bonds
|
0-0: Ball 1-0: Called Strike 1-1: Ground out 4-3 (Groundball, 4, EV 101.3 MPH)
|
|
Batting: LHB David Ortiz
|
0-0: Foul Ball, location: 2F 0-1: Swinging Strike 0-2: Strikes out swinging
|
|
Batting: RHB Danny Tartabull
|
0-0: Foul Ball, location: 2F 0-1: Ball 1-1: Foul Ball, location: 2F 1-2: Ground out 6-3 (Groundball, 6, EV 86.3 MPH)
|
| Top of the 8th over - 0 runs, 0 hits, 0 errors, 0 left on base; Boston 5 - New York 2 |
| BOTTOM OF THE 8TH |
|
New York Yankees batting - Pitching for Boston Red Sox : RHP Pete Harnisch
|
|
Batting: RHB Darren Lewis
|
0-0: Called Strike 0-1: Called Strike 0-2: Ground out 5-3 (Groundball, 56S, EV 88.8 MPH)
|
|
Batting: RHB Orlando Cabrera
|
0-0: Ball 1-0: Ball 2-0: Fly out, F9 (Flyball, 9S, EV 90.0 MPH)
|
|
Batting: LHB Bobby Abreu
|
0-0: Called Strike 0-1: Foul Ball, location: 2F 0-2: Ground out 6-3 (Groundball, 56, EV 104.4 MPH)
|
| Bottom of the 8th over - 0 runs, 0 hits, 0 errors, 0 left on base; Boston 5 - New York 2 |
| TOP OF THE 9TH |
|
Boston Red Sox batting - Pitching for New York Yankees : RHP Andy Ashby
|
|
Batting: RHB Akira Eto
|
0-0: Swinging Strike 0-1: Ball 1-1: Ball 2-1: Called Strike 2-2: Ball 3-2: Strikes out swinging
|
|
Batting: RHB Mike Cameron
|
0-0: Ball 1-0: Ball 2-0: Ball 3-0: Base on Balls
|
|
Batting: RHB Scott Fletcher
|
0-0: Foul Ball, location: 2F 0-1: Ball 1-1: Swinging Strike 1-2: Strikes out swinging
|
|
Batting: RHB Erik Pappas
|
0-0: Called Strike 0-1: Ball 1-1: Ball 2-1: Swinging Strike 2-2: Ball 3-2: Foul Ball, location: 2F 3-2: Strikes out swinging
|
| Top of the 9th over - 0 runs, 0 hits, 0 errors, 1 left on base; Boston 5 - New York 2 |
| BOTTOM OF THE 9TH |
|
New York Yankees batting - Pitching for Boston Red Sox : RHP Pete Harnisch
|
|
Pitching: RHP Roberto Hernandez
|
|
|
Batting: RHB Mike Lieberthal
|
0-0: Swinging Strike 0-1: Bunt missed! 0-2: Ball 1-2: Foul Ball, location: 2F 1-2: Fly out, F9 (Flyball, 9D, EV 100.0 MPH)
|
|
Batting: RHB Kazuhiro Kiyohara
|
0-0: Ball 1-0: Ball 2-0: Fly out, F8 (Flyball, 8RM, EV 78.1 MPH)
|
|
Batting: RHB Travis Fryman
|
0-0: Called Strike 0-1: Called Strike 0-2: Foul Ball, location: 2F 0-2: Ball 1-2: SINGLE (Groundball, 6MD, EV 102.5 MPH)
|
|
Batting: RHB Ryan Thompson
|
0-0: Called Strike 0-1: Ball 1-1: Ball 2-1: Foul Ball, location: 2F 2-2: Foul Ball, location: 2F 2-2: Ball 3-2: Foul Ball, location: 2F 3-2: Base on Balls Travis Fryman to second
|
|
Pitching: LHP Paul Assenmacher
|
|
|
Batting: RHB Mike Gallego
|
0-0: Foul Ball, location: 2F 0-1: Ball 1-1: Swinging Strike 1-2: Ball 2-2: Foul Ball, location: 2F 2-2: Ball 3-2: Foul Ball, location: 2F 3-2: Base on Balls Travis Fryman to third Ryan Thompson to second
|
|
Batting: SHB Quinton McCracken
|
0-0: Ball 1-0: Swinging Strike 1-1: Ground out 1-3 (Groundball, P, EV 70.6 MPH)
|
| Bottom of the 9th over - 0 runs, 1 hit, 0 errors, 3 left on base; Boston 5 - New York 2 |
|